 Dungeon Crawl Stone Soup version 0.29-a0-321-gf1c400731a (console) character file.

Game seed: 9299315429245534327

91402 cythria the Bludgeoner (level 15, -5/108 HPs)
             Began as a Demonspawn Wanderer on Apr 4, 2022.
             Was a High Priest of Hepliaklqana.
             Slain by a wolf spider simulacrum (7 damage)
             ... on level 2 of the Lair of Beasts.
             The game lasted 00:53:58 (29858 turns).

cythria the Bludgeoner (Demonspawn Wanderer)       Turns: 29858, Time: 00:53:59

Health: -5/108     AC: 23    Str: 14    XL:     15   Next: 54%
Magic:  0/19       EV: 10    Int: 14    God:    Hepliaklqana [*****.]
Gold:   918        SH:  5    Dex: 16    Spells: 14/14 levels left

rFire   + . .      SeeInvis .   S - +10 broad axe {drain, rPois rF+}
rCold   + + +      Faith    .   Y - +0 buckler "Vyishrui" {rC++ Stlth+}
rNeg    + . .      Spirit   +   O - quicksilver dragon scales
rPois   +          Reflect  .   (helmet restricted)
rElec   +          Harm     .   U - +0 cloak
rCorr   +          Rampage  .   x - +0 pair of gloves
Will    ++...                   f - +2 pair of boots
Stlth   ++........              A - amulet of guardian spirit
HPRegen 5.28/turn               H - ring of Kindness {rElec rC+ rCorr Str-4 Slay+3}
MPRegen 0.16/turn               W - ring "Finagat" {rPois rN+ Dex+2}

@: lethally poisoned (-5 -> -5)
A: reduced essence, antennae 2, yellow scales 2, powered by death 2, powered by
pain 3
a: Renounce Religion, Recall Ancestor, Ancestor Identity, Transference, Idealise


You were on level 2 of the Lair of Beasts.
You worshipped Hepliaklqana.
Hepliaklqana was extremely pleased with you.
You visited 4 branches of the dungeon, and saw 24 of its levels.
You also visited: Sewer and Bailey.

You collected 3723 gold pieces.
You spent 2805 gold pieces at shops.

Inventory:

Hand Weapons
 S - the +10 broad axe "Ganuocis" (weapon) {drain, rPois rF+}
   (You bought it in a shop on level 11 of the Dungeon)

   A truly terrible weapon, it drains the life of any living foe it strikes.
   rF:        It protects you from fire.
   rPois:     It protects you from poison.
Missiles
 n - 21 poisoned darts (quivered)
 F - 2 throwing nets
 P - 9 curare-tipped darts
Armour
 f - a +2 pair of boots (worn)
 p - +0 fire dragon scales
 x - a +0 pair of gloves (worn)
 O - quicksilver dragon scales (worn)
 U - a +0 cloak (worn)
 Y - the +0 buckler "Vyishrui" (worn) {rC++ Stlth+}
   (You bought it in a shop on level 2 of the Orcish Mines)

   rC:        It greatly protects you from cold.
   Stlth:     It makes you more stealthy.
Jewellery
 A - an amulet of guardian spirit (around neck)
 B - an amulet of reflection
 C - a ring of flight
 H - the ring of Kindness (left hand) {rElec rC+ rCorr Str-4 Slay+3}
   (You found it on level 6 of the Lair of Beasts)

   [ring of protection from cold]

   Str:       It affects your strength (-4).
   Slay:      It affects your accuracy & damage with ranged weapons and melee
   (+3).
   rC:        It protects you from cold.
   rElec:     It insulates you from electricity.
   rCorr:     It protects you from acid and corrosion.
 J - a ring of resist corrosion
 W - the ring "Finagat" (right hand) {rPois rN+ Dex+2}
   (You found it on level 4 of the Lair of Beasts)

   [ring of positive energy]

   Dex:       It affects your dexterity (+2).
   rPois:     It protects you from poison.
   rN:        It protects you from negative energy.
 X - a ring of fire
Wands
 l - a wand of digging (4)
 m - a wand of flame (9)
 z - a wand of iceblast (8)
Scrolls
 e - 12 scrolls of identify
 h - 3 scrolls of enchant armour
 i - 4 scrolls of fear
 k - 10 scrolls of teleportation
 o - 5 scrolls of enchant weapon
 s - 2 scrolls of torment
 u - 3 scrolls of amnesia
 y - 6 scrolls of fog
 E - 5 scrolls of immolation
 I - 3 scrolls of magic mapping
 K - 5 scrolls of silence
 M - 7 scrolls of blinking
 N - 2 scrolls of summoning
Potions
 a - a potion of berserk rage
 b - 4 potions of ambrosia
 d - 6 potions of lignification
 g - 18 potions of curing
 j - 6 potions of haste
 r - 4 potions of magic
 t - 3 potions of might
 v - 5 potions of brilliance
 w - a potion of resistance
 L - 2 potions of invisibility
 T - 4 potions of flight
 V - 6 potions of heal wounds
Miscellaneous
 c - a piece from Xom's chessboard (15/15)
 D - a phial of floods
 Q - a tin of tremorstones (2/2)
 R - a condenser vane


   Skills:
 - Level 12.0 Fighting
 * Level 9.4(13.8) Axes
 - Level 16.0(16.9) Maces & Flails
 - Level 1.0(3.8) Slings
 - Level 3.6 Crossbows
 - Level 5.9(6.0) Throwing
 - Level 11.0 Armour
 - Level 5.0 Shields
 + Level 6.3 Invocations
 - Level 6.0 Evocations


You had 14 spell levels left.
You didn't know any spells.
Your spell library contained the following spells:

 Spells                   Type           Power      Damage    Failure   Level
 Animate Skeleton         Necr           0%         N/A       54%         1
 Apportation              Tloc           0%         N/A       54%         1
 Summon Small Mammal      Summ           0%         N/A       54%         1
 Blink                    Tloc           0%         N/A       69%         2
 Corpse Rot               Necr/Air       0%         N/A       69%         2
 Ensorcelled Hibernation  Hex/Ice        0%         N/A       69%         2
 Passwall                 Tmut/Erth      0%         N/A       69%         2
 Sublimation of Blood     Necr           0%         N/A       69%         2
 Confusing Touch          Hex            0%         N/A       89%         3
 Conjure Flame            Conj/Fire      0%         6-21      89%         3
 Ignite Poison            Fire/Tmut/Pois 0%         N/A       89%         3
 Swiftness                Air            0%         N/A       89%         3
 Dispel Undead            Necr           0%         3d6       100%        4
 Fulminant Prism          Conj/Hex       0%         3d6       100%        4
 Iskenderun's Mystic Bla  Conj/Tloc      0%         2d3       100%        4
 Passage of Golubria      Tloc           0%         N/A       100%        4
 Petrify                  Tmut/Erth      0%         N/A       100%        4
 Sticky Flame             Conj/Fire      0%         2d3       100%        4
 Irradiate                Conj/Tmut      0%         3d13      100%        5
 Lee's Rapid Deconstruct  Erth           0%         3d5*      100%        5
 Manifold Assault         Tloc           0%         N/A       100%        5
 Silence                  Hex/Air        0%         N/A       100%        5
 Yara's Violent Unravell  Hex/Tmut       0%         3d3       100%        5
 Death Channel            Necr           0%         N/A       100%        6
 Enfeeble                 Hex            0%         N/A       100%        7
 Storm Form               Tmut/Air       0%         N/A       100%        7
 Lehudib's Crystal Spear  Conj/Erth      0%         10d2      100%        8


Dungeon Overview and Level Annotations

Branches:
Dungeon (15/15)            Temple (0/1) D:7            Lair (6/6) D:8
 Shoals (0/4) Lair:4       Spider (1/4) Lair:2        Slime (0/5) Lair:6
    Orc (2/2) D:12            Elf (0/3) Orc:2        Vaults (0/5) D:14
 Depths (0/4) D:15          Sewer (visited)          Bailey (visited)

Altars:
Hepliaklqana
Makhleb
Xom
Yredelemnul

Shops:
D:2 [   D:11 *   Orc:2 ![[=*


Innate Abilities, Weirdness & Mutations

Your life essence is reduced to manifest your ancestor. (-10% HP)
You have a pair of antennae on your head.
You are mostly covered in yellow scales. (AC +3)
You regenerate health from kills.
You are powered by pain.


Message History

The redback bites you!
* * * LOW HITPOINT WARNING * * *
The redback bites you but does no damage.
The wolf spider simulacrum hits you but does no damage.
The wolf spider simulacrum bites you but does no damage.
The redback bites you!
* * * LOW HITPOINT WARNING * * *
The redback bites you.
* * * LOW HITPOINT WARNING * * *
The wolf spider simulacrum misses you.
The wolf spider simulacrum bites you but does no damage.
You slash the wolf spider simulacrum!
The wolf spider simulacrum vaporises!
You slash the redback!
You kill the redback!
You slash the redback!
You kill the redback!
A freezing mist starts to gather... x2 2 redback simulacra come into view.
You feel very sick.
You hit the wolf spider simulacrum.
The wolf spider simulacrum is lightly damaged.
You feel very sick.
The wolf spider simulacrum hits you but does no damage.
The wolf spider simulacrum bites you but does no damage.
You slice the wolf spider simulacrum!!
The wolf spider simulacrum is severely damaged.
You slash the redback simulacrum!
You feel very sick. The wolf spider simulacrum hits you.
* * * LOW HITPOINT WARNING * * *
The wolf spider simulacrum freezes you. You resist.
* * * LOW HITPOINT WARNING * * *
The wolf spider simulacrum bites you but does no damage.
The redback simulacrum bites you!
* * * LOW HITPOINT WARNING * * *
The redback simulacrum freezes you. You resist.
* * * LOW HITPOINT WARNING * * *
The wolf spider simulacrum hits you!
You die...

.#.# ###.####P.# ##.#.##.......
#..####.P..[###.# #..####......
##..............## ##..####......
#..##.#P........###..#.##.......
##.######.......##.##........P..#
#.^### #.............####....#.#
.#.#.# #.............# ##.#####
....## ##.......Z.....# #.# #..P#
#.......○@.....# #.##
##.P####....^>..ZZ....#####..#
##.....................#.##..#
#.[#####...##...............##
##..# #..#####.......).....#####
#.## ##.# #.......####..P#.#P #.#
#..## #.#.###.# #P.....< #.#
###.P# ##.### #.## #..#..#.
##.####....###..# #.P####.#####


You could see a wolf spider simulacrum and 2 redback simulacra.

Vanquished Creatures
  A frost giant (D:15)
  4 hydras
  8 vault guards (D:14)
  Erolcha (D:10)
  An ogre mage (D:15)
  A catoblepas (Lair:3)
  3 centaur warriors (D:14)
  5 death yaks
  5 two-headed ogres
  A death knight (D:13)
  A tengu warrior (D:15)
  An orc high priest (Orc:2)
  Nergalle (Lair:2)
  A pharaoh ant (Spider:1)
  4 orc knights (Orc:2)
  Pikel (D:8)
  2 wolf spiders (Lair:2)
  A deep elf pyromancer (D:14)
  A harpy (Lair:1)
  An orc sorcerer (Orc:2)
  4 ugly things
  3 cyclopes
  14 elephants
  A merfolk siren (Lair:4)
  2 black mambas
  8 cane toads
  A gargoyle (D:10)
  7 rime drakes
  11 komodo dragons
  An unseen horror (D:10)
  A kobold demonologist (D:12)
  A queen bee (D:12)
  3 meliai (D:12)
  A troll (shapeshifter) (D:14)
  3 polar bears
  5 trolls
  7 blink frogs
  8 slime creatures
  2 spriggans (Bailey)
  A shadow (D:10)
  Sigmund (D:3)
  2 wraiths
  45 yaks
  A vampire (D:13)
  3 wyverns
  2 steam dragons
  8 basilisks
  Grum (D:8)
  2 vampire mosquitoes (D:11)
  2 redbacks (Lair:2)
  3 acid dragons (Lair:6)
  Edmund (D:4)
  13 water moccasins
  An ice beast (D:5)
  2 black bears
  15 orc warriors
  3 boggarts (D:14)
  15 ogres
  10 wolves
  12 centaurs
  A lemure (D:7)
  A phantom (D:4)
  2 kobold brigands
  A necrophage (D:4)
  13 bullfrogs
  2 gnoll sergeants
  3 scorpions
  10 wights
  19 killer bees (D:12)
  An electric eel (D:11)
  4 howler monkeys
  3 jellies
  8 orc priests
  2 gnoll shamans
  2 hounds
  6 iguanas
  Natasha (thrice) (D:2)
  8 orc wizards
  2 hell rats (Lair:6)
  Robin (D:3)
  9 adders
  13 gnolls
  A white imp (D:6)
  2 ufetubi (D:5)
  An adder zombie (D:3)
  5 dart slugs
  62 orcs
  6 ball pythons
  6 bats
  2 endoplasms
  6 giant cockroaches
  23 goblins
  6 hobgoblins (D:3)
  8 jackals (D:3)
  7 kobolds
  5 quokkas
  2 ball python zombies (D:3)
  4 frilled lizards
  A giant cockroach zombie (D:3)
  7 rats
538 creatures vanquished.

Vanquished Creatures (collateral kills)
  2 fire dragons
  A boulder beetle (D:15)
  5 hydras
  2 centaur warriors
  A catoblepas (Lair:5)
  3 two-headed ogres
  A tengu warrior (D:15)
  2 orc high priests (Orc:2)
  A swamp dragon (Lair:6)
  A deep elf pyromancer (D:13)
  A wizard (D:15)
  3 cyclopes
  An ugly thing (D:14)
  A salamander (shapeshifter) (D:15)
  2 orc sorcerers (Orc:2)
  A manticore (D:13)
  A black mamba (Lair:6)
  5 elephants
  4 rime drakes
  An efreet (D:14)
  3 trolls
  5 blink frogs
  7 slime creatures
  A shadow (D:13)
  A wyvern (Lair:4)
  7 yaks
  A basilisk (D:15)
  3 vampire mosquitoes (D:11)
  3 acid dragons
  4 water moccasins
  4 orc warriors
  2 ogres (Orc:2)
  A boggart (D:14)
  A bullfrog (Lair:5)
  2 killer bees (D:12)
  2 electric eels (Lair:3)
  5 orc priests
  3 iguanas (Lair:6)
  4 orc wizards
  4 hell rats (Lair:6)
  A gnoll (D:11)
  8 orcs
111 creatures vanquished.

Vanquished Creatures (others)
  An ancestor (Lair:4)
  9 battlemagi
  An orc priest (Orc:2)
  2 orc wizards (Orc:2)
  44 fungi
  89 plants
146 creatures vanquished.

Grand Total: 795 creatures vanquished

Notes
Turn   | Place    | Note
-------+----------+-------------------------------------------
     0 | D:1      | cythria the Demonspawn Wanderer began the quest for the
                  | Orb.
     0 | D:1      | cythria set off with the following items: a +2 hand
                  | crossbow, a +0 hunting sling, a piece from Xom's chessboard
                  | (15/15), a potion of lignification, a +0 leather armour
     0 | D:1      | Reached XP level 1. HP: 16/16 MP: 1/1
   265 | D:1      | Gained mutation: You sometimes gain a little power by
                  | taking damage. [demonic ancestry]
   265 | D:1      | Reached XP level 2. HP: 23/23 MP: 2/2
   615 | D:1      | Found a faded altar of an unknown god.
   660 | D:1      | Gained mutation: You sometimes gain power by taking damage.
                  | [demonic ancestry]
   660 | D:1      | Reached XP level 3. HP: 26/29 MP: 3/3
  1272 | D:2      | Found Tusohusi's Armour Boutique.
  1548 | D:2      | Noticed Natasha
  1560 | D:2      | Killed Natasha
  1561 | D:2      | Reached XP level 4. HP: 37/38 MP: 4/4
  1582 | D:2      | Noticed Natasha
  1611 | D:2      | Killed Natasha
  1729 | D:2      | Reached skill level 5 in Fighting
  2008 | D:2      | Gained mutation: You regenerate a little health from kills.
                  | [demonic ancestry]
  2008 | D:2      | Reached XP level 5. HP: 36/44 MP: 5/5
  2051 | D:2      | Noticed Natasha
  2059 | D:2      | Killed Natasha
  2826 | D:3      | Noticed Sigmund
  3028 | D:3      | Noticed Robin
  3047 | D:3      | Killed Robin
  3266 | D:3      | Reached XP level 6. HP: 51/52 MP: 6/6
  3283 | D:3      | Found a basalt altar of Yredelemnul.
  3406 | D:3      | Identified the +4 whip "Ryfes" {flame, rCorr}
  3559 | D:3      | Found a hazy altar of Hepliaklqana.
  3734 | D:4      | Found a glowing drain.
  3809 | Sewer    | Entered a sewer
  3846 | Sewer    | Noticed a water moccasin
  3858 | Sewer    | Killed a water moccasin
  4169 | D:4      | Reached XP level 7. HP: 30/58 MP: 7/7
  4407 | D:4      | Noticed Edmund
  4435 | D:4      | Killed Edmund
  4799 | D:5      | Entered Level 5 of the Dungeon
  4809 | D:5      | Reached skill level 1 in Maces & Flails
  4989 | D:5      | Reached skill level 2 in Maces & Flails
  5059 | D:5      | Reached skill level 3 in Maces & Flails
  5059 | D:5      | Gained mutation: You are powered by pain. [demonic
                  | ancestry]
  5059 | D:5      | Reached XP level 8. HP: 39/64 MP: 8/8
  5906 | D:6      | Reached skill level 4 in Maces & Flails
  6421 | D:6      | Reached skill level 5 in Shields
  6891 | D:6      | Identified a scroll of acquirement
  6894 | D:6      | Acquired 1173 gold pieces
  6989 | D:2      | Bought a +2 pair of boots for 214 gold pieces
  7004 | D:2      | Bought the +6 chain mail "Zovvur" {rCorr Str-3 Int+2 Dex+4}
                  | for 694 gold pieces
  7357 | D:3      | Found a hazy altar of Hepliaklqana.
  7541 | D:3      | Found a basalt altar of Yredelemnul.
  7575 | D:3      | Killed Sigmund
  7666 | D:6      | Reached skill level 5 in Maces & Flails
  7671 | D:6      | Reached XP level 9. HP: 38/69 MP: 6/9
  7906 | D:7      | Found a staircase to the Ecumenical Temple.
  7949 | D:7      | Reached skill level 6 in Maces & Flails
  8144 | D:7      | Reached skill level 7 in Maces & Flails
  8660 | D:8      | Reached skill level 8 in Maces & Flails
  8674 | D:8      | Noticed Grum
  8692 | D:8      | Reached skill level 9 in Maces & Flails
  8708 | D:8      | Noticed Pikel
  9080 | D:8      | Killed Grum
  9143 | D:8      | Killed Pikel
  9144 | D:8      | Gained mutation: You have a pair of small antennae on your
                  | head. [demonic ancestry]
  9144 | D:8      | Reached XP level 10. HP: 63/76 MP: 7/10
  9505 | D:8      | Found a staircase to the Lair.
  9530 | D:8      | Found a shimmering altar of Xom.
  9790 | D:9      | Reached skill level 10 in Maces & Flails
  9942 | D:9      | Reached skill level 1 in Armour
 10243 | D:9      | Reached skill level 5 in Throwing
 10455 | D:9      | Reached skill level 11 in Maces & Flails
 10840 | D:10     | Entered Level 10 of the Dungeon
 11065 | D:10     | Noticed Erolcha
 11149 | D:10     | Found a flagged portal.
 11169 | Bailey   | Entered a bailey
 11406 | Bailey   | Noticed a two-headed ogre
 11413 | Bailey   | Killed a two-headed ogre
 11414 | Bailey   | Gained mutation: You have a pair of antennae on your head.
                  | [demonic ancestry]
 11414 | Bailey   | Reached XP level 11. HP: 52/81 MP: 11/11
 12721 | Lair:1   | Entered Level 1 of the Lair of Beasts
 12808 | Lair:1   | Noticed Sonja
 13214 | Lair:1   | Reached skill level 12 in Maces & Flails
 13214 | Lair:1   | Reached skill level 5 in Armour
 13677 | Lair:1   | Noticed Sonja
 13677 | Lair:1   | Sonja changed into Sonja the harpy
 13694 | Lair:1   | Killed Sonja the harpy
 13917 | Lair:1   | HP: 3/81 [cane toad (11)]
 14767 | Lair:2   | Noticed Nergalle
 14947 | Lair:2   | Killed Nergalle
 15014 | Lair:2   | Found a hole to the Spider Nest.
 15480 | Lair:2   | Reached skill level 5 in Evocations
 16080 | Lair:2   | Gained mutation: You are partially covered in yellow
                  | scales. (AC +2) [demonic ancestry]
 16080 | Lair:2   | Reached XP level 12. HP: 56/88 MP: 7/12
 16843 | Lair:3   | Noticed a death yak
 16843 | Lair:3   | Noticed a death yak
 16844 | Lair:3   | Noticed a death yak
 16844 | Lair:3   | Noticed a death yak
 16845 | Lair:3   | Noticed a death yak
 16947 | Lair:2   | Killed a death yak
 16948 | Lair:2   | Reached skill level 13 in Maces & Flails
 17157 | D:3      | Became a worshipper of Hepliaklqana the Forgotten
 17444 | Lair:2   | Killed a death yak
 17558 | Lair:2   | Killed a death yak
 17655 | Lair:2   | Killed a death yak
 17834 | Lair:3   | Killed a death yak
 18178 | Lair:3   | Noticed an eight-headed hydra
 18305 | Lair:3   | Noticed a catoblepas
 18338 | Lair:3   | Killed a catoblepas
 18564 | Lair:3   | Reached skill level 14 in Maces & Flails
 19002 | Lair:3   | Killed an eight-headed hydra
 19003 | Lair:3   | Reached XP level 13. HP: 54/93 MP: 13/13
 19101 | Lair:3   | Reached * piety under Hepliaklqana
 19830 | Lair:4   | Reached skill level 10 in Armour
 19995 | Lair:4   | Found a staircase to the Shoals.
 20259 | Lair:4   | Identified the ring "Finagat" {rPois rN+ Dex+2}
 20915 | Lair:5   | Reached ** piety under Hepliaklqana
 20916 | Lair:5   | Remembered your ancestor Citlalmina as a battlemage
 21056 | Lair:5   | Reached skill level 15 in Maces & Flails
 22219 | Lair:6   | Entered Level 6 of the Lair of Beasts
 22419 | Lair:6   | Reached skill level 16 in Maces & Flails
 22669 | Lair:6   | Found a staircase to the Slime Pits.
 22701 | Lair:6   | Gained mutation: You regenerate health from kills. [demonic
                  | ancestry]
 22701 | Lair:6   | Reached XP level 14. HP: 71/94 MP: 11/14
 23335 | Lair:6   | Reached *** piety under Hepliaklqana
 23620 | Lair:6   | Identified the ring of Kindness {rElec rC+ rCorr Str-4
                  | Slay+3}
 24124 | D:10     | Killed Erolcha
 24434 | D:11     | Found Doonoll's Assorted Antiques.
 24437 | D:11     | Bought a scroll labelled MISAAC WYGEA for 34 gold pieces
 24437 | D:11     | Bought an ebony broad axe for 306 gold pieces
 24437 | D:11     | Identified the +10 broad axe "Ganuocis" {drain, rPois rF+}
                  | (You bought it in a shop on level 11 of the Dungeon)
 24437 | D:11     | Bought a scroll of enchant weapon for 255 gold pieces
 24482 | D:11     | Reached skill level 10 in Fighting
 24789 | D:12     | Reached skill level 1 in Axes
 24852 | D:12     | Found a staircase to the Orcish Mines.
 24982 | D:12     | Reached **** piety under Hepliaklqana
 25414 | Orc:1    | Entered Level 1 of the Orcish Mines
 25724 | Orc:2    | Entered Level 2 of the Orcish Mines
 25724 | Orc:2    | Found a staircase to the Elven Halls.
 25834 | Orc:2    | Found Okiniuph's Distillery.
 25905 | Orc:2    | Bought a potion of attraction for 48 gold pieces
 26389 | Orc:2    | Reached skill level 5 in Axes
 26561 | Orc:2    | Found Siopnuhe's Armour Boutique.
 26561 | Orc:2    | Found Quvirea's Assorted Antiques.
 26571 | Orc:2    | Found Ijiecag's Antique Armour Boutique.
 26571 | Orc:2    | Found Fezuil's Jewellery Emporium.
 26583 | Orc:2    | Bought 3 scrolls of blinking for 742 gold pieces
 26583 | Orc:2    | Bought a potion of curing for 99 gold pieces
 26589 | Orc:2    | Bought the +0 buckler "Vyishrui" {rC++ Stlth+} for 413 gold
                  | pieces
 27174 | D:13     | Reached ***** piety under Hepliaklqana
 27298 | D:14     | Reached skill level 1 in Invocations
 27371 | D:14     | Found a gate to the Vaults.
 27403 | D:14     | Gained mutation: You are mostly covered in yellow scales.
                  | (AC +3) [demonic ancestry]
 27403 | D:14     | Reached XP level 15. HP: 38/106 MP: 7/16
 28257 | D:15     | Entered Level 15 of the Dungeon
 28730 | D:15     | Reached skill level 5 in Invocations
 28963 | D:15     | Found a staircase to the Depths.
 28963 | D:15     | Noticed a frost giant
 28972 | D:15     | Killed a frost giant
 29477 | D:15     | Found a burning altar of Makhleb.
 29842 | Spider:1 | Entered Level 1 of the Spider Nest
 29858 | Lair:2   | HP: 2/108 [redback simulacrum (4)]
 29858 | Lair:2   | Slain by a wolf spider simulacrum

Illustrated notes

Levels and vault maps discovered:
D:1:      dpeg_arrival_rooms_c, layout_loops_corners,
          hellmonk_ecumenical_altar_run_dry
D:2:      layout_basic, serial_shops, nicolae_shop_advertising_works
          [nicolae_subvault_shop_adworks], uniq_natasha
D:3:      layout_basic, nicolae_yredelemnul_corpse_copse,
          nicolae_hepliaklqana_hippocampus, uniq_sigmund, uniq_robin
D:4:      layout_basic, portal_sewer_entry_f, uniq_edmund
D:5:      layout_basic
D:6:      layout_gridville
D:7:      layout_rooms, minmay_temple_entry_mini_moons
D:8:      layout_basic, tgw_xom, lair_entry_dummy, uniq_grum, uniq_pikel
D:9:      layout_basic
D:10:     layout_irregular_city, enter_bailey_3, uniq_erolcha
D:11:     layout_cave_pools, serial_column_ruins, column_ruins_square_medium,
          column_ruins_open_small, column_ruins_grid_1, column_ruins_open_small,
          column_ruins_open_tiny, column_ruins_open_large, serial_shops,
          kennysheep_mini_moat, roderic_roman_lattice, lightli_minifort
D:12:     layout_basic, hiddenorc1_lemuel, special_room [special_room_bee]
D:13:     layout_roguey, minmay_misc_feat_columns, minmay_liquid_box,
          amcnicky_mini_rare_corridor_liquid
D:14:     nicolae_cairo_tiling, layout_gridville, erik_vaults_2,
          kennysheep_generic_room_16
D:15:     grunt_enter_depths_snipers, layout_stronghold,
          lemuel_coloured_pillars_altar
Lair:1:   layout_loops_ring, hangedman_lair_unloving_vines, grunt_megastairs_5,
          serial_bayou_shore_b, uniq_sonja
Lair:2:   layout_small_grid, dummy_spider_entry, uniq_nergalle
Lair:3:   layout_cave_pods, serial_bayou_shore_a
Lair:4:   layout_gridlike, minmay_shoals_entry_lonely_mermaid,
          chequers_serial_rivers_micro_a, chequers_serial_rivers_micro_c
Lair:5:   hellmonk_destroyed_diamonds, layout_regular_city, minivault_25,
          chequers_serial_rivers_micro_c, infiniplex_staircase_pool_2
Lair:6:   guppyfry_lair_end_dragon, layout_hall_layers, slime_dummy,
          grunt_megastairs_1
Spider:1: layout_spider_delve, uniq_nikola
Orc:1:    layout_caves
Orc:2:    grunt_orc_tribal_feast, layout_caves, serial_shops, shop

Skill      XL: |  1  2  3  4  5  6  7  8  9 10 11 12 13 14 15 |
---------------+----------------------------------------------+-----
Fighting       | 3 4 5 6 8 11 12 | 12.0
Throwing       | 2 3 4 5 |  5.9
Shields        | 2 4 5 |  5.0
Maces & Flails | 3 5 9 11 12 14 16 | 16.0
Evocations     | 4 5 6 |  6.0
Armour         | 3 6 9 11 | 11.0
Axes           | 7 9 |  9.4
Invocations    | 2 6 |  6.3
Slings         | |  1.0
Crossbows      | |  3.6

Action                   |  1- 3 |  4- 6 |  7- 9 | 10-12 | 13-15 || total
-------------------------+-------+-------+-------+-------+-------++-------
Melee: Dagger            |    24 |   249 |    19 |       |       ||   292
       Whip              |       |     9 |       |       |       ||     9
       Flail             |       |       |   182 |       |       ||   182
       Morningstar       |       |       |    80 |   799 |   406 ||  1285
       Broad axe         |       |       |       |       |   389 ||   389
 Fire: Hand crossbow     |    74 |    10 |       |       |       ||    84
Throw: Dart              |       |       |    49 |   118 |     4 ||   171
       Throwing net      |       |       |       |     1 |       ||     1
Invok: Recall Ancestor   |       |       |       |       |     2 ||     2
       Ancestor Life: Ba |       |       |       |       |     1 ||     1
Evoke: Piece from Xom's  |     2 |     4 |     4 |     3 |       ||    13
       Wand              |       |       |       |    16 |    10 ||    26
       Tin of tremorston |       |       |       |     2 |       ||     2
       Condenser vane    |       |       |       |     2 |     3 ||     5
  Use: Scroll            |       |       |    18 |     9 |     9 ||    36
       Potion            |       |       |       |     3 |       ||     3
 Stab: Petrified         |       |     9 |       |       |     4 ||    13
       Paralysed         |       |     6 |     5 |       |       ||    11
       Held in net/web   |       |       |       |     2 |       ||     2
       Distracted        |       |       |       |       |    22 ||    22
       Petrifying        |       |       |       |       |     1 ||     1
Armor: Leather armour    |    16 |    78 |    57 |       |       ||   151
       Skin              |       |       |     6 |       |       ||     6
       Chain mail        |       |       |   121 |   164 |       ||   285
       Quicksilver drago |       |       |       |   229 |   438 ||   667
Dodge: Dodged            |    26 |   152 |   106 |   231 |   285 ||   800
Block: Buckler           |       |     7 |    87 |   185 |   174 ||   453

Table legend: (Time is in decaauts)
 A = Elapsed time spent in this place.
 B = Non-inter-level travel time spent in this place.
 C = Inter-level travel time spent in this place.
 D = Time resting spent in this place.
 E = Time spent auto-exploring this place.
 F = Levels seen in this place.
 G = Mean time per level.
                   A        B        C        D        E       F      G
               +--------+--------+--------+--------+--------+-----+--------+
         Total |  29882 |  27676 |   2206 |   7925 |  14012 |  26 | 1149.3 |
       Dungeon |  16725 |  15315 |   1410 |   2997 |   9265 |  15 | 1115.0 |
          Lair |  10924 |  10243 |    681 |   4225 |   4017 |   6 | 1820.7 |
   Spider Nest |      6 |      6 |      0 |      0 |      0 |   1 |    6.0 |
  Orcish Mines |   1262 |   1148 |    114 |    142 |    629 |   2 |  631.0 |
         Sewer |     87 |     87 |      0 |      0 |     19 |   1 |   87.0 |
        Bailey |    874 |    874 |      0 |    561 |     82 |   1 |  874.0 |
               +--------+--------+--------+--------+--------+-----+--------+

Top non-repeatable levels by time:
  Lair:1: 2386 daAuts
  Lair:2: 2384 daAuts
  Lair:3: 2113 daAuts
     D:2: 1809 daAuts
     D:3: 1672 daAuts
  Lair:6: 1569 daAuts
     D:4: 1347 daAuts
    D:15: 1303 daAuts
  Lair:5: 1264 daAuts
  Lair:4: 1206 daAuts
     D:6: 1198 daAuts
    D:10: 1123 daAuts
     D:8: 1116 daAuts
     D:9: 1102 daAuts
     D:7: 1088 daAuts
